 Dungeon Crawl Stone Soup version 0.28.0-43-g3370ac3207 (webtiles) character file.

Game seed: 12600395785376671082

238 silky the Cudgeller (level 5, -9/48 HPs)
             Began as a Minotaur Chaos Knight on Mar 30, 2022.
             Was a Plaything of Xom.
             Mangled by an orc warrior
             ... wielding a +0 flail
              (12 damage)
             ... on level 6 of the Dungeon.
             The game lasted 00:05:00 (1858 turns).

silky the Cudgeller (Minotaur Chaos Knight)         Turns: 1858, Time: 00:05:01

Health: -9/48      AC:  6    Str: 18    XL:     5   Next: 78%
Magic:  4/4        EV: 12    Int:  9    God:    Xom [.*....]
Gold:   58         SH:  0    Dex: 10    Spells: 4/4 levels left

rFire   . . .      SeeInvis .   a - +0 mace (chaos)
rCold   . . .      Faith    .   (no shield)
rNeg    . . .      Spirit   .   b - +2 leather armour
rPois   .          Reflect  .   (helmet restricted)
rElec   .          Harm     .   (no cloak)
rCorr   .          Rampage  .   (no gloves)
Will    .....                   h - +0 pair of boots
Stlth   +.........              (no amulet)
HPRegen 0.16/turn               (no ring)
MPRegen 0.09/turn               (no ring)

@: mighty, attractive
A: horns 2, retaliatory headbutt
a: Renounce Religion


You were on level 6 of the Dungeon.
You worshipped Xom.
You were a plaything of Xom.
You visited 1 branch of the dungeon, and saw 4 of its levels.

You collected 58 gold pieces.

Inventory:

Hand Weapons
 a - a +0 mace of chaos (weapon)
 g - a +2 scythe of freezing
Armour
 b - a +2 leather armour (worn)
 h - a +0 pair of boots (worn)
Wands
 n - a wand of charming (5)
Scrolls
 d - a scroll of fog {unknown}
 f - a scroll of immolation {unknown}
 i - a scroll of magic mapping {unknown}
 k - a scroll of fear {unknown}
 l - a scroll of teleportation {unknown}
 o - a scroll of summoning {unknown}
Potions
 c - a potion of heal wounds {unknown}
 e - a potion of degeneration {unknown}


   Skills:
 + Level 5.2 Fighting
 + Level 5.9 Maces & Flails
 + Level 3.2 Armour
 + Level 2.5 Dodging
 + Level 0.5 Stealth


You had 4 spell levels left.
You didn't know any spells.
Your spell library was empty.

Dungeon Overview and Level Annotations

Branches:
Dungeon (3/15)

Altars:


Innate Abilities, Weirdness & Mutations

You have a pair of horns on your head.
You reflexively headbutt those who attack you in melee.


Message History

The orc warrior suddenly seems more agile.
The orc warrior hits you with a +0 flail.
You closely miss the orc warrior.
The orc warrior is lightly wounded.
The orc warrior barely misses you.
You thump the orc warrior! Your headbutt misses the orc warrior.
The orc warrior is moderately wounded.
The orc warrior hits you with a +0 flail! x2
You completely miss the orc warrior.
The orc warrior is moderately wounded.
The orc warrior barely misses you.
You closely miss the orc warrior. Your headbutt misses the orc warrior.
The orc warrior is moderately wounded.
Your cleaving frenzy subsides.
The orc warrior closely misses you.
You hit the orc warrior but do no damage.
The orc warrior is moderately wounded.
The orc warrior hits you with a +0 flail!
* * * LOW HITPOINT WARNING * * *
Aiming: Charm
Press: ? - help, Q - select action Shift-Dir - straight line, f - orc warrior
Aim: an orc warrior, wielding a +0 flail and wearing a +0 plate armour (moderately wounded, unusually agile, lightly drained, chance to affect: 52%)
The orc warrior resists with significant effort.
The orc warrior hits you with a +0 flail!
* * * LOW HITPOINT WARNING * * *
You emit a cloud of colourful smoke!
It was a potion of attraction.
You feel attractive to monsters. The orc warrior closely misses you.
It was a potion of might.
You feel very mighty all of a sudden. The orc warrior barely misses you.
You barely miss the orc warrior.
The orc warrior is moderately wounded.
The orc warrior barely misses you.
You closely miss the orc warrior.
The orc warrior is moderately wounded.
The orc warrior hits you with a +0 flail!
You die...
Xom cackles wildly!

#### ###...####
##........#
#..>.......
#.)..(.....
##..........
####..).§......
.......§o.......
...####§@§......
## ##........
##..)....
##..... ##..#
###


You could see an orc warrior (agile, drained).

Vanquished Creatures
  Sigmund (D:2)
  An adder (D:2)
  A worm (D:2)
  A dart slug (D:1)
  6 orcs
  8 bats
  6 endoplasms
  2 giant cockroaches (D:1)
  6 goblins
  6 hobgoblins
  4 jackals (D:1)
  5 quokkas
  8 ball pythons
  4 frilled lizards
  2 kobolds
  A rat (D:1)
62 creatures vanquished.

Vanquished Creatures (others)
  4 plants (D:1)
4 creatures vanquished.

Grand Total: 66 creatures vanquished

Notes
Turn   | Place    | Note
-------+----------+-------------------------------------------
     0 | D:1      | silky the Minotaur Chaos Knight began the quest for the
                  | Orb.
     0 | D:1      | Reached XP level 1. HP: 19/19 MP: 0/0
    30 | D:1      | XOM: silly message
   207 | D:1      | Reached XP level 2. HP: 23/27 MP: 1/1
   246 | D:1      | Found a faded altar of an unknown god.
   296 | D:1      | XOM: divination: magic mapping
   452 | D:1      | Reached XP level 3. HP: 22/33 MP: 2/2
   703 | D:1      | XOM: 1-stop teleportation journey
   821 | D:2      | Noticed Sigmund
   825 | D:2      | XOM: swap monsters
   827 | D:2      | XOM: divination: detect creatures
   829 | D:2      | XOM: divination: detect creatures
   832 | D:2      | Killed Sigmund
   833 | D:2      | Reached skill level 5 in Fighting
   833 | D:2      | Reached skill level 5 in Maces & Flails
   833 | D:2      | Reached XP level 4. HP: 32/42 MP: 3/3
   833 | D:2      | Reached XP level 5. HP: 37/48 MP: 4/4
  1251 | D:2      | XOM: noise
  1833 | D:3      | XOM: polymorph rat -> hobgoblin
  1835 | D:3      | You fall into a shaft and drop 3 floors!
  1835 | D:6      | Noticed an orc warrior
  1839 | D:6      | XOM: cleaving
  1847 | D:6      | XOM: enchant monster (bad)
  1853 | D:6      | HP: 2/48 [orc warrior/+0 flail (10)]
  1853 | D:6      | XOM: smoke on damage
  1858 | D:6      | Mangled by an orc warrior

Illustrated notes

Levels and vault maps discovered:
D:1:      moated_graveyard_arrival, layout_rooms,
          dilly_ecumenical_altar_fadedgnrine
D:2:      layout_basic, grunt_ministairs_10, uniq_sigmund
D:3:      layout_basic
D:6:      layout_cave_pods, minmay_temple_entry_tees, ebering_ghost_gozag,
          serial_shops, nicolae_shop_waterfront, enter_ossuary_5

Skill      XL: |  1  2  3 |
---------------+----------+-----
Maces & Flails | 4 5 |  5.9
Fighting       | 4 5 |  5.2
Armour         | 3 |  3.2
Dodging        | 2 |  2.5
Stealth        | |  0.5

Action                   |  1- 3 |  4- 6 || total
-------------------------+-------+-------++-------
Melee: Mace              |    61 |    57 ||   118
       Punch             |     3 |     1 ||     4
       Headbutt          |     2 |     5 ||     7
Evoke: Wand              |       |     1 ||     1
  Use: Potion            |       |     2 ||     2
Armor: Leather armour    |    51 |    26 ||    77
Dodge: Dodged            |    48 |    33 ||    81
